 Dungeon Crawl Stone Soup version 0.20-a0-1124-g2e29d97 (webtiles) character file.

44 Naow the Firebug (level 3, 0/21 HPs)
             Began as an Octopode Fire Elementalist on May 16, 2017.
             Slain by an adder (3 damage)
             ... on level 2 of the Dungeon.
             The game lasted 00:01:46 (1489 turns).

Naow the Firebug (Octopode Fire Elementalist)       Turns: 1489, Time: 00:01:47

Health: 0/21       AC:  1    Str:  7    XL:     3   Next: 60%
Magic:  0/6        EV: 13    Int: 18    God:
Gold:   70         SH:  0    Dex: 12    Spells: 1/7 levels left

rFire    . . .     SeeInvis .   c - +0 dagger
rCold    . . .     Gourm    .   (no shield)
rNeg     . . .     Faith    .   (helmet restricted)
rPois    .         Spirit   .   (no amulet)
rElec    .         Reflect  .   (no ring)
rCorr    .         Harm     .   (no ring)
MR       .....                  (no ring)
Stlth    +++.......             (no ring)
Regen    0.1/turn               (no ring)
MPRegen  0.1/turn               (no ring)
                                (no ring)
                                (no ring)

@: lethally poisoned (0 -> -6), very slightly contaminated
A: almost no armour, stealthy swim, amphibious, 8 rings, constrict 8, camouflage
1, gelatinous body 1
a: no special abilities


You were on level 2 of the Dungeon.
You were not hungry.

You visited 1 branch of the dungeon, and saw 2 of its levels.

You collected 70 gold pieces.

Inventory:

Hand Weapons
 c - a +0 dagger (weapon)
Scrolls
 f - a scroll of noise {unknown}
 g - a scroll of blinking {unknown}
Potions
 d - a potion of lignification {unknown}
 e - 2 potions of might {unknown}
 h - a potion of berserk rage {unknown}
 i - 3 potions of resistance {unknown}
 j - a potion of degeneration {unknown}
 l - a potion of curing {unknown}
Books
 a - a book of Flames

   Spells                             Type                      Level
   a - Flame Tongue                   Conjuration/Fire             1
   b - Throw Flame                    Conjuration/Fire             2
   c - Conjure Flame                  Conjuration/Fire             3
   d - Inner Flame                    Hexes/Fire                   3
   e - Sticky Flame                   Conjuration/Fire             4
   f - Fireball                       Conjuration/Fire             5
Comestibles
 b - a bread ration
 k - 5 chunks of flesh


   Skills:
 - Level 2.0 Dodging
 - Level 2.6 Stealth
 + Level 2.5 Spellcasting
 + Level 2.2 Conjurations
 + Level 3.4 Fire Magic


You had one spell level left.
You knew the following spells:

 Your Spells              Type           Power        Failure   Level  Hunger
a - Flame Tongue          Conj/Fire      ##...        5%          1    #......
b - Throw Flame           Conj/Fire      ##....       9%          2    ##.....
c - Conjure Flame         Conj/Fire      ##......     16%         3    ###....


Dungeon Overview and Level Annotations

Branches:
Dungeon (2/15)

Altars:
Dithmenos


Innate Abilities, Weirdness & Mutations

You cannot wear most types of armour.
You are very stealthy in the water. (Stealth+)
You are amphibious.
You can wear up to eight rings at the same time.
You can use your tentacles to constrict eight enemies at once.
Your skin changes colour to match your surroundings (Stealth+).
Your rubbery body absorbs attacks. (AC +1, EV +1)


Message History

Press: ? - help, Shift-Dir - straight line, f/p - adder
Aim: an adder (moderately wounded)
The puff of flame misses the adder.
The adder bites you.
* * * LOW HITPOINT WARNING * * *
You are lethally poisoned!
The adder poisons you!
Casting: Throw Flame
Confirm with . or Enter, or press ? or * to list all spells.
Aiming: Flame Tongue
Press: ? - help, Shift-Dir - straight line, f/p - adder
Aim: an adder (moderately wounded)
You miscast Flame Tongue.
You are very lightly contaminated with residual magic.
You smell smoke.
* * * LOW HITPOINT WARNING * * *
You feel sick. The adder completely misses you. The adder barely misses you.
You hit the adder. Your grab misses the adder. Your squeeze misses the adder.
The adder is heavily wounded.
The adder bites you.
You die...

###### ##### #......
##########...## .......
#>.....##.....##.......
#.###.##.......#..<...#
#......#.#._.#.#.......
#####.#..##.##.@S......
#.#...###....####.#
####.##.......#.#
#............##.#
#........#.#.# .#
#........#.#.# .# #.
+........#.#.. .#
#.#.########
#........#.# ##
#.#.........
#........#.#
#.#####.....


You could see an adder.

Vanquished Creatures
  2 worms (D:2)
  2 dart slugs (D:1)
  A giant cockroach (D:1)
  5 goblins
  5 hobgoblins
  A quokka (D:2)
  5 bats (D:1)
  3 frilled lizards
  3 kobolds (D:1)
  6 rats
33 creatures vanquished.

Notes
Turn   | Place    | Note
-------+----------+-------------------------------------------
     0 | D:1      | Naow the Octopode Fire Elementalist began the quest for the Orb.
     0 | D:1      | Reached XP level 1. HP: 11/11 MP: 3/3
   116 | D:1      | Reached XP level 2. HP: 8/17 MP: 0/5
   652 | D:1      | Reached XP level 3. HP: 10/21 MP: 4/6
   656 | D:1      | Learned a level 2 spell: Throw Flame
   660 | D:1      | Learned a level 3 spell: Conjure Flame
  1451 | D:2      | Found a shadowy altar of Dithmenos.
  1489 | D:2      | Slain by an adder

Vault maps used:
D:1:      lightli_arrival_statuegarden
D:2:      minmay_diamond_boxcup, nicolae_dithmenos_through_a_glass_darkly

Skill      XL: |  1  2  3 |
---------------+----------+-----
Conjurations   | 2 |  2.2
Dodging        | |  2.0
Stealth        | |  2.6
Spellcasting   | |  2.5
Fire Magic     | |  3.4

Action                   || total
-------------------------++-------
Melee: Unarmed           ||     7
       Constrict         ||    14
       Tentacles         ||     9
       Dagger            ||    34
 Cast: Flame Tongue      ||    35
       Throw Flame       ||     3
 Stab: Sleeping          ||     3
  Eat: Chunk             ||     2
Armor: Skin              ||     8
Dodge: Dodged            ||    47
